[Event "1st Chessable Sunway Formentera 2022"]
[Site "Formentera Punta Prima"]
[Date "2022.04.29"]
[Round "1"]
[White "Al-Hajiri, Bader"]
[Black "Yankelevich, Lev"]
[Result "0-1"]
[ECO "E21"]
[WhiteElo "2052"]
[BlackElo "2473"]
[Annotator "TA RC"]
[PlyCount "88"]
[EventDate "2022.05.05"]
[EventType "swiss"]
[EventCountry "ESP"]
[SourceTitle "playchess.com"]
[Source "ChessBase"]
[SourceQuality "1"]
[TimeControl "40/5400+30:1800+30"]

1. d4 Nf6 2. c4 e6 3. Nc3 Bb4 4. Nf3 b6 5. g3 Bxc3+ 6. bxc3 Bb7 7. Bg2 O-O 8. O-O Qc8 {[%emt 0:12:12] E21: Nimzo-Indian: 4 Nf3.} 9. Nd2 Bxg2 10. Kxg2 Qb7+ {[%emt 0:06:19] [#] The position is equal.} 11. Kg1 $146 ({Predecessor:} 11. f3 c5 12. Nb3 d6 13. Bg5 Ne8 14. Qd3 h6 15. Be3 Nc6 16. Rad1 f5 17. Rd2 {0-1 (95) Valdes,L (2300)-Nogueiras Santiago,J (2550) Havana 1992}) 11... Re8 12. Re1 e5 13. e4 d6 14. Rb1 Qa6 15. Qb3 Nc6 16. Qb5 Qb7 17. d5 Ne7 (17... Nd8 $11) 18. c5 $1 $14 dxc5 {[%emt 0:07:40] [#]} 19. Qxc5 $1 {[%emt 0:05:00][%mdl 64] Pin} c6 20. c4 Rac8 21. Qb4 Qd7 22. Qb3 Ng6 23. Nf1 h5 24. h4 Qh3 25. Bg5 Nh7 26. Bd2 f5 27. c5 cxd5 (27... f4 $1 $11 {remains equal.}) 28. cxb6 $16 (28. Qxd5+ $6 Kh8 $18) 28... axb6 29. Qxd5+ (29. exf5 $14 Qxf5 30. Qxd5+ Qe6 31. Qxe6+ Rxe6 32. Be3) 29... Kh8 30. exf5 ({Don't do} 30. Rxb6 $6 Nxh4 31. gxh4 Qg4+ 32. Ng3 f4 33. Bxf4 Qxf4 $14) (30. Qf7 $1 $16 Nf4 31. gxf4 Qg4+ 32. Ng3 exf4 33. Bxf4 $1 (33. exf5 Rxe1+ 34. Rxe1 Nf6 $16) (33. Rxb6 $2 fxg3 34. Rg6 gxf2+ 35. Kxf2 Qxh4+ 36. Kg2 Rg8 $19) 33... Qxf4 34. Qxg7+ $3 (34. Qxf5 Qxh4 35. Rb5 Rc5 $16) (34. exf5 Rxe1+ 35. Rxe1 Nf6 $16) (34. Qxh5 fxe4 35. Qf5 Qxf5 $14) (34. Nxf5 Qg4+ 35. Ng3 Re5 $14) 34... Kxg7 35. Nxh5+ Kg8 36. Nxf4) 30... Nf6 $14 31. Qf7 Qxf5 32. Rxb6 (32. Ne3 $16 Qf3 33. Qxg6) 32... Re7 $11 33. Qb3 {[%emt 0:00:30] Black must now prevent Bg5.} ({Don't blunder} 33. Ne3 $2 Qd3 34. Qb3 Qxd2 $19) 33... e4 $1 34. Bg5 ({White should try} 34. Rb5 $14 Ne5 35. Kg2) 34... Ne5 $36 {[%emt 0:03:00][%mdl 2048] Black has the initiative.} 35. Nh2 {[%emt 0:06:13] [#]} (35. Nd2 $1 $11 {keeps the balance.}) 35... Nfg4 $1 $17 {[%emt 0:03:14] Black is more active.} 36. Nxg4 {[%emt 0:00:28] [#]} Nf3+ $1 37. Kf1 $2 {[%emt 0:05:00] Loses the game.} (37. Qxf3 $17 exf3 38. Bxe7 Qxg4 39. Rb3) 37... Qxg4 $19 {[%emt 0:00:05] The board is on fire.} 38. Rd1 $2 (38. Qd5 Qh3+ 39. Ke2) 38... Nxg5 39. hxg5 e3 $1 {[%emt 0:00:03][%mdl 64] ( -> ...e2+). Decoy} 40. fxe3 Qf3+ 41. Kg1 Qxg3+ 42. Kh1 Re4 43. Rh6+ gxh6 44. Qb2+ Qe5 {[%emt 0:00:04] Weighted Error Value: White=0.47/Black=0.08 (flawless)} 0-1

[Event "1st Chessable Sunway Formentera 2022"]
[Site "Formentera Punta Prima"]
[Date "2022.04.29"]
[Round "1"]
[White "Prodhomme, Boris"]
[Black "Jarmula, Lukasz"]
[Result "0-1"]
[ECO "E73"]
[WhiteElo "2045"]
[BlackElo "2459"]
[Annotator "TA"]
[PlyCount "60"]
[EventDate "2022.05.05"]
[EventType "swiss"]
[EventCountry "ESP"]
[SourceTitle "playchess.com"]
[Source "ChessBase"]
[SourceQuality "1"]
[TimeControl "40/5400+30:1800+30"]

1. d4 Nf6 2. c4 c5 3. d5 g6 4. Nc3 Bg7 5. e4 d6 6. Be2 O-O 7. Be3 e6 8. h4 {[%emt 0:06:42] E73: King's Indian: Averbakh Variation without 6...c5.} (8. Nf3 $14) 8... exd5 9. exd5 h5 {[%emt 0:00:31] [#]} 10. Bg5 $146 {[%emt 0:04:33] The position is equal.} ({Predecessor:} 10. Qd2 Re8 11. O-O-O Qa5 12. f3 a6 13. Nh3 b5 14. Rdg1 Nh7 15. g4 hxg4 16. fxg4 {0-1 (24) Schmalhofer,A-Bitsch,T Hassloch 1998}) 10... Re8 11. Nh3 Qb6 12. b3 {[%emt 0:18:57] [#]} Ne4 (12... Na6 $1 $17) 13. Nxe4 $15 Rxe4 14. Rc1 (14. Kf1 $15) 14... Na6 $17 {[%emt 0:02:22] Black is more active.} 15. Be3 Rxh4 16. Bf1 $2 {[%emt 0:06:21] White does not recover from this.} (16. Qd2 $17 {was necessary.}) 16... Bd4 (16... Qa5+ $142 17. Qd2 Nb4) 17. g3 {[%emt 0:01:36] [#]} Bxe3 $1 18. fxe3 Re4 19. Kf2 Bxh3 20. Bxh3 Rae8 21. Re1 Qd8 {[%emt 0:00:30] ...Qg5 is the strong threat.} 22. Bg2 R4e5 {[%emt 0:00:22] Threatens to win with ...Qf6+.} 23. Qd2 (23. e4 {might work better.}) 23... Qf6+ $19 ({Don't blunder} 23... Qg5 $2 24. Rc3 $19) 24. Kg1 Qg5 25. Kf2 (25. Rc3 {keeps fighting.}) 25... h4 26. gxh4 Qxh4+ 27. Kg1 Qg5 (27... Rh5 $142 {Hoping for ...Qh2+.} 28. e4 Qh2+ 29. Kf1 f5) 28. Rc3 Nb8 29. Rd3 (29. Re2 {is a better defense.}) 29... Nd7 (29... Re4 $142 30. Kf1 Nd7) 30. Rc3 $2 (30. e4) 30... Nf6 {[%emt 0:00:25] Weighted Error Value: White=0.70/Black=0.27 (precise)} 0-1

[Event "1st Chessable Sunway Formentera 2022"]
[Site "Formentera Punta Prima"]
[Date "2022.04.29"]
[Round "1"]
[White "Fox, Anthony"]
[Black "Park, Evan"]
[Result "0-1"]
[ECO "C48"]
[WhiteElo "1934"]
[BlackElo "2431"]
[Annotator "TA"]
[PlyCount "76"]
[EventDate "2022.05.05"]
[EventType "swiss"]
[EventCountry "ESP"]
[SourceTitle "playchess.com"]
[Source "ChessBase"]
[SourceQuality "1"]
[TimeControl "40/5400+30:1800+30"]

1. e4 e5 2. Nf3 Nc6 3. Nc3 Nf6 4. Bb5 Bd6 5. d3 O-O 6. O-O {[%emt 0:00:00] C48: Four Knights: 4 Bb5, replies other than 4...Bb4.} h6 7. Ne2 a6 {[%emt 0:00:00] has lost popularity (7...Re8).} 8. Ba4 {[%emt 0:00:00] The position is equal.} Re8 9. c3 Bf8 10. Ng3 d5 {[%emt 0:00:00] [#]} 11. h3 $146 ({Predecessor:} 11. exd5 Qxd5 12. Re1 Bg4 13. h3 Bxf3 14. Qxf3 Qxf3 15. gxf3 Rad8 16. Rd1 Nd5 17. Kf1 {1-0 (56) Svane,F (2421)-Huschenbeth,N (2604) Magdeburg 2021}) 11... b5 12. Bb3 Bb7 13. Qe2 ({White should play} 13. exd5 $11 Nxd5 14. Re1) 13... Qd7 14. Rd1 Rad8 15. a4 Na5 16. Bc2 {[%emt 0:00:00] Hoping for axb5.} b4 17. cxb4 Bxb4 18. Bd2 Nc6 19. Bxb4 Nxb4 20. Bb3 a5 21. Qe3 d4 22. Qc1 Ba6 23. Bc4 Qc6 {[%emt 0:00:00] Threatens to win with ...Bxc4.} 24. Nd2 Nd7 {[%emt 0:00:00] Black is much more active.} 25. Bxa6 Qxa6 26. Nc4 (26. Nb3 $17 {might work better.}) 26... Nc5 $19 27. Ra3 Re6 28. Nf5 Rde8 29. f4 (29. Qd2 $17) 29... exf4 $2 (29... Rc6 $1 $19 {White must now prevent ...Ncxd3.} 30. Nxe5 Ncxd3 $1 ) 30. Nxd4 $2 (30. Qxf4 $11 {and White is okay.} Ncxd3 31. Qg3) 30... Rg6 (30... Nbxd3 $19 31. Raxd3 Nxd3) 31. Nf3 {[%emt 0:00:00] [#]} (31. Kh1 $17) 31... Rc6 $1 32. Qxf4 $2 (32. Nfe5 {is more resistant.} Ncxd3 33. Nxd3 (33. Rdxd3 $2 Nxd3 34. Rxd3 Rxe5 $19) 33... Rxc4 34. Qxf4 Qb6+ 35. Kh2 Rcxe4 36. Qf2) 32... Ncxd3 {[%emt 0:00:00][%mdl 64] Remove Defender. Black is clearly winning.} 33. Raxd3 Nxd3 34. Rxd3 {[%emt 0:00:00] And now b3 would win.} Qxc4 35. Rc3 Qxa4 36. Rxc6 Qxc6 37. e5 Qb6+ 38. Kh2 Qxb2 {[%emt 0:00:00] Weighted Error Value: White=0.52/Black=0.23 (precise)} 0-1

[Event "1st Chessable Sunway Formentera 2022"]
[Site "Formentera Punta Prima"]
[Date "2022.04.29"]
[Round "1"]
[White "Aledo Yanguas, David"]
[Black "Eugene, Floryan"]
[Result "1-0"]
[ECO "C24"]
[WhiteElo "1908"]
[BlackElo "2370"]
[Annotator "TA"]
[PlyCount "123"]
[EventDate "2022.05.05"]
[EventType "swiss"]
[EventCountry "ESP"]
[SourceTitle "playchess.com"]
[Source "ChessBase"]
[SourceQuality "1"]
[TimeControl "40/5400+30:1800+30"]

1. e4 e5 2. Bc4 Nf6 3. d3 c6 4. Nf3 d5 5. Bb3 a5 {[%emt 0:08:07] And now ...a4 would win.} 6. a4 {[%emt 0:03:19] C24: Bishop's Opening: 2...Nf6.} (6. Nxe5 $2 a4 7. Bxd5 cxd5 8. exd5 Nxd5 $19) 6... Bd6 7. Nc3 d4 8. Ne2 {[%emt 0:00:09] The position is equal.} Na6 9. c3 {[%emt 0:03:18] [#]} Nc5 $146 (9... Bg4 $11) ({Predecessor:} 9... dxc3 10. bxc3 O-O 11. O-O Qe7 12. Ng3 Be6 13. Bc2 Nd7 14. Ng5 Rad8 15. Nxe6 fxe6 {0-1 (28) Szopa,E (1758)-Starosta,M (1894) Sypniewo 2022}) 10. cxd4 $14 Nxb3 11. Qxb3 Bb4+ 12. Kf1 exd4 13. Nfxd4 O-O 14. h3 Re8 15. Be3 c5 16. Nf3 (16. Nb5 $14) 16... b6 $15 {[%emt 0:00:54][%mdl 1024] Black has compensation.} (16... Be6 17. Qc2 $11) 17. Rd1 (17. Ng5 Qd7 18. Kg1 Ba6 $17) 17... Ra7 18. g4 (18. Kg1 $11) 18... Rd7 19. Kg2 Ba6 20. Nf4 Qa8 (20... h6 $17 {White must now prevent ...g5.} 21. g5 hxg5 22. Nxg5 c4 23. dxc4 Nxe4 24. Rxd7 Qxd7 25. Nxe4 Rxe4) 21. g5 c4 $1 22. dxc4 Rxd1 (22... Rc7 $1 $11 23. Rd4 (23. gxf6 Bxc4 24. Nd5 Rcc8 $11) 23... Nxe4) 23. Rxd1 $16 (23. Qxd1 $6 Nxe4 24. Nd5 Qc6 $11) 23... Qc8 24. Bxb6 (24. gxf6 Bxc4 25. Rc1 (25. Qc2 $2 Bf1+ 26. Rxf1 Qxc2 $19) 25... Bxb3 $17) ({White should try} 24. Qc2 $14 Nxe4 25. Nd5 (25. Bxb6 Qc6 $11)) 24... Nxe4 25. Rd4 Qf5 26. Qe3 Bd6 (26... Bb7 $1 $11 {keeps the balance.}) 27. Nd5 {[%emt 0:04:29] Hoping for Nc3. White now steadily converts the win.} (27. Rxd6 $2 Nxd6 28. Qd4 Nxc4 $19) 27... Bc8 $2 {[%emt 0:00:03] [#]} (27... Bxc4 $16 28. Rxc4 Qxd5) 28. Nd2 $1 $18 (28. Kg1 Bd7 29. Nh4 (29. Bxa5 $2 Ng3 $19) 29... Qe5 $14) 28... Qxg5+ 29. Qxg5 {[%emt 0:00:23] Dancing on a razor blade.} Nxg5 {[%emt 0:00:01] [#]} 30. Nf6+ $1 gxf6 31. Rxd6 Bb7+ 32. Kg3 Re1 (32... Ra8 {keeps fighting.} 33. Rxf6 Kg7) 33. f3 ({Resist} 33. Bxa5 Rg1+ 34. Kh4 Ra1) (33. Rxf6 $6 Re2 $18) 33... Rh1 34. Rxf6 Rxh3+ 35. Kg2 ({But not} 35. Kg4 Rh2 36. Bxa5 (36. Kxg5 Rxd2 37. Bxa5 Rxb2 $16) 36... Rg2+ 37. Kf4 Ne6+ 38. Ke3 Bc6 $18) 35... Rh4 36. Bxa5 Ne6 37. Bc3 Rg4+ 38. Kf2 Rh4 39. Rf5 Rh2+ 40. Kg3 Re2 41. Rb5 Nd8 42. Ba5 Nc6 43. Bc3 (43. Rxb7 $18 Nxa5 44. Rd7) 43... Bc8 $2 (43... Nd8 $11 44. Ne4 f5) 44. Ne4 f5 45. Nd6 Bd7 46. Nxf5 h5 47. Nh6+ Kh7 48. Rxh5 Kg6 49. Rh1 Ne7 50. a5 Re3 51. Ng4 Rxf3+ 52. Kxf3 Bc6+ 53. Kf4 {[%emt 0:00:09] Ne5+ would kill now.} Bxh1 {[%emt 0:00:03][%mdl 4096] Endgame KBN-KBN} 54. Ne5+ Kf6 55. Nf3+ Ke6 56. a6 {[%emt 0:00:32] White wants to mate with a7.} Nc6 57. b4 {[%emt 0:01:29] White mates.} Kd7 58. b5 Kc7 59. bxc6 Kxc6 60. Ba5 Bg2 61. Kg3 Bh1 62. c5 {[%emt 0:00:15] Weighted Error Value: White=0.32/Black=0.35} 1-0

[Event "1st Chessable Sunway Formentera 2022"]
[Site "Formentera Punta Prima"]
[Date "2022.04.30"]
[Round "2"]
[White "Gukesh D"]
[Black "Alinasab, Mobina"]
[Result "1-0"]
[ECO "B45"]
[WhiteElo "2659"]
[BlackElo "2373"]
[Annotator "TA"]
[PlyCount "79"]
[EventDate "2022.05.05"]
[EventType "swiss"]
[EventCountry "ESP"]
[SourceTitle "playchess.com"]
[Source "ChessBase"]
[SourceQuality "1"]
[TimeControl "40/5400+30:1800+30"]

1. e4 c5 2. Nf3 e6 3. d4 cxd4 4. Nxd4 Nf6 5. Nc3 Nc6 6. Nxc6 bxc6 7. e5 Nd5 8. Ne4 Qc7 9. f4 Qb6 10. c4 Bb4+ 11. Ke2 f5 12. Nf2 Ba6 13. Kf3 Ne7 14. Be3 Bc5 15. Bxc5 {[%emt 0:00:06] B45: Sicilian Four Knights.} Qxc5 16. Qd6 Qb6 17. Be2 $5 {[%emt 0:01:23][%mdl 4] [#] White is slightly better. An interesting side line.} c5 $146 (17... Rd8 $11 {is superior.}) ({Predecessor:} 17... g5 18. fxg5 Ng6 19. h4 Qb8 20. Qxb8+ Rxb8 21. b3 Nxe5+ 22. Kf4 Ng6+ 23. Kg3 d6 {1-0 (60) Milliet,S (2390)-Loiseau,Q (2455) Chartres 2021}) 18. Rhd1 $14 Qxd6 (18... Rd8 $14) 19. exd6 ({White should try} 19. Rxd6 $16 Bb7+ 20. Ke3 (20. Kg3 Rg8 $16)) 19... Nc6 20. Rac1 e5 21. fxe5 Nxe5+ 22. Kf4 O-O 23. Bh5 $36 {[%emt 0:00:38][%mdl 2048] White has some pressure.} Ng4 (23... Nxc4 24. Bf3 Nxb2 25. Bxa8 Rxa8 26. Rd5 $16) 24. Nxg4 fxg4+ 25. Kg3 $1 (25. Kxg4 g6 26. Rd5 gxh5+ 27. Kxh5 Rf2 28. Rxc5 Kh8 $19) 25... Rf6 $1 26. Bxg4 Rg6 (26... Bb7 $142) 27. Rd5 $1 $16 {[%emt 0:00:15] White is much more active.} Bb7 (27... Re8 $16) 28. Rxc5 $18 Bxg2 29. h4 {[%emt 0:05:48] aiming for h5.} (29. Kxg2 $6 Rxg4+ 30. Kf3 Rg6 $14) 29... Bc6 30. Rd1 Rf8 (30... Rb8 31. h5 Rf6 32. b4) 31. Rg5 {[%emt 0:01:12] Strongly threatening Rxg6.} Rgf6 32. b4 $1 h6 {[%emt 0:04:12] [#]} 33. Rc5 Rg6 {[%emt 0:00:49] [#]} (33... Bf3 $16 34. Rf1 Bxg4 35. Rxf6 Rxf6) 34. Rd4 $1 {[%emt 0:00:26] Black must now prevent h5.} Rf3+ 35. Kh2 Rf2+ 36. Kh3 Bf3 (36... h5 37. Rxc6 (37. Bxh5 Bg2+ 38. Kh2 Bd5+ 39. Kh3 Bg2+ 40. Kh2 Bf1+ 41. Kh1 Bg2+ 42. Kh2 $11) (37. Rxh5 Rxa2 38. Ra5 Rxa5 $16) 37... hxg4+ 38. Rxg4 Rf3+ 39. Kg2 Rff6 40. Rc8+ Kf7 41. Rxg6 Rxg6+ 42. Kf3 Rxd6) 37. Kg3 Rf1 {[%emt 0:00:25] Hoping for ...Bxg4.} 38. h5 Rf6 (38... Rxg4+ $142 39. Rxg4 Bxg4) 39. Bxd7 Be2 40. Rf5 {[%emt 0:00:00] Black got outplayed after the opening.  Weighted Error Value: White=0.08 (flawless) /Black=0.36} 1-0

[Event "1st Chessable Sunway Formentera 2022"]
[Site "Formentera Punta Prima"]
[Date "2022.04.30"]
[Round "2"]
[White "Martirosyan, Haik M."]
[Black "Tsatsalashvili, Keti"]
[Result "1-0"]
[ECO "D60"]
[WhiteElo "2652"]
[BlackElo "2331"]
[Annotator "TA"]
[PlyCount "81"]
[EventDate "2022.05.05"]
[EventType "swiss"]
[EventCountry "ESP"]
[SourceTitle "playchess.com"]
[Source "ChessBase"]
[SourceQuality "1"]
[TimeControl "40/5400+30:1800+30"]

1. d4 d5 2. c4 e6 3. Nf3 Nf6 4. Nc3 c6 5. Bg5 Be7 6. e3 Nbd7 7. Bd3 dxc4 8. Bxc4 Nd5 9. Bxe7 Qxe7 10. Qc2 O-O 11. O-O Nxc3 12. bxc3 e5 13. Bd3 g6 14. a4 {[%emt 0:02:25] [#] D60: Queen's Gambit Declined: Classical: Unusual White 7th moves.} c5 $146 ({Predecessor:} 14... Re8 15. e4 c5 16. Rfe1 cxd4 17. cxd4 exd4 18. Nxd4 Ne5 19. Bb5 Bd7 20. Qc7 Bxb5 21. Qxe7 Rxe7 22. axb5 {½-½ (57) Iotov,V (2189)-Taboas Rodriguez,D (2275) Marin 2002}) 15. a5 {[%emt 0:08:33] White is more active.} cxd4 16. cxd4 {[%emt 0:00:17] White is slightly better.} exd4 17. Nxd4 Nc5 18. Be2 Be6 19. Bf3 Rac8 {[%emt 0:01:21][%cal Oc5b3] Strongly threatening ...Nb3!} 20. Qb2 {[%emt 0:00:29] Prevents Nb3.} Bc4 21. Rfd1 Ba6 22. Qa3 Qe5 23. h4 Ne4 24. Rac1 Rxc1 25. Rxc1 Nd2 26. Bd1 Nc4 27. Qb4 Nxe3 28. Nf3 $1 Qe6 {[%emt 0:00:56] [#]} 29. Ng5 $1 {[%emt 0:02:20][%mdl 1024] White has strong compensation.} Qe5 30. Bb3 $40 {[%emt 0:01:05][%mdl 128] White is up to no good. Chess con chili.} Nf1 $2 {[%emt 0:06:29][%mdl 8192] Loses the game.} 31. Nf3 $18 (31. Rxf1 Bxf1 32. Kxf1 h6 33. Nxf7 Qa1+ 34. Ke2 Qb2+ 35. Kf3 Qf6+ 36. Qf4 Qxf7 37. Qxf7+ (37. Bxf7+ Rxf7 38. Kg3 Rxf4 $11) 37... Rxf7+ 38. Ke4 Kg7 39. Bxf7 Kxf7 $11) 31... Qb8 32. Bc4 {[%emt 0:06:07] Prevents Be2.} ({Not} 32. Rxf1 Bxf1 33. Kxf1 b6 $16) (32. h5 $142 {White threatens h6 and mate.} Kg7 33. hxg6 hxg6 34. Qd4+ (34. Rxf1 Bxf1 35. Qd4+ Kh6 $16) 34... Kh6 35. Ne5 (35. Rxf1 Bxf1 36. Kxf1 Qd8 $16)) 32... Rc8 (32... Qc7 $142 33. Qc3 (33. Kxf1 Rc8 $16) 33... Bxc4) 33. Rc3 ({Weaker is} 33. Kxf1 b6 $16) 33... Rxc4 34. Rxc4 Qd8 (34... Bxc4 35. Qxc4 Qd8) 35. Rd4 Qc7 36. Qd6 (36. Rd5 $142 {Threatening mate with Qd4.} f6 37. Qd4) 36... Qc1 (36... Qxd6 $18 37. Rxd6 Kf8 38. Rd8+ Ke7) 37. Qb8+ {[%emt 0:01:32] White mates.} Kg7 38. Qe5+ f6 39. Qe7+ Kh6 40. Qf8+ Kh5 41. g4# {[%emt 0:00:10] Weighted Error Value: White=0.30/Black=0.61} 1-0

[Event "1st Chessable Sunway Formentera 2022"]
[Site "Formentera Punta Prima"]
[Date "2022.04.30"]
[Round "2"]
[White "Sasikiran, Krishnan"]
[Black "Song, Julien"]
[Result "1/2-1/2"]
[ECO "C42"]
[WhiteElo "2651"]
[BlackElo "2388"]
[Annotator "TA"]
[PlyCount "65"]
[EventDate "2022.05.05"]
[EventType "swiss"]
[EventCountry "ESP"]
[SourceTitle "playchess.com"]
[Source "ChessBase"]
[SourceQuality "1"]
[TimeControl "40/5400+30:1800+30"]

1. e4 e5 2. Nf3 Nf6 3. Nxe5 d6 4. Nf3 Nxe4 5. Nc3 Nxc3 6. dxc3 Be7 7. Be3 O-O 8. Qd2 {[%emt 0:00:35] C42: Petroff Defence: 3 Nxe5 and unusual White 3rd moves.} Nd7 9. O-O-O Nf6 10. Bd3 {[%emt 0:00:17] White is slightly better.} Re8 11. Rhe1 Bg4 12. Bg5 Nd7 13. h4 Nc5 14. Bc4 {[%emt 0:01:03][%cal Oc4f7] [#] And now Bxf7+! would win.} Ne6 15. Bxe7 Qxe7 16. Bxe6 fxe6 17. Qf4 $1 Bxf3 18. Qxf3 {[%emt 0:00:15] [#]} Rab8 $146 ({Predecessor:} 18... b6 19. Re4 Qf7 20. Qe2 e5 21. b3 a5 22. a4 Re6 23. f3 Rf6 24. Qb5 h6 {½-½ (65) Schuetze,M (2490)-Dunlop,G (2536) GER email 2019}) 19. Qe4 e5 20. b3 Rf8 21. f4 Qxh4 22. Qd5+ Rf7 $1 23. fxe5 dxe5 24. Kb2 c6 25. Qd6 Re8 26. Rxe5 Rfe7 27. Rf5 (27. Rxe7 $14 Qxe7 28. Qd4) 27... Re2 $11 {[%emt 0:05:44] The position is equal.} 28. Rdf1 {[%emt 0:10:14][%cal Od6f8] [#] White wants to mate with Qf8+!} Qe7 {[%emt 0:04:32] Inhibits Qf8+.} 29. Qf4 {[%emt 0:03:17] Strongly threatening Rf7.} Re4 $1 30. Qf2 {[%emt 0:01:47] Rf7 is the strong threat.} Re2 31. Qf4 Re4 $1 32. Qf2 {[%emt 0:01:45] Threatens to win with Rf7.} Re2 33. Qf4 {[%emt 0:00:11] Weighted Error Value: White=0.06 (flawless) /Black=0.04 (flawless)} 1/2-1/2

[Event "1st Chessable Sunway Formentera 2022"]
[Site "Formentera Punta Prima"]
[Date "2022.04.30"]
[Round "2"]
[White "Santos Ruiz, Miguel"]
[Black "Chkhaidze, Nikoloz"]
[Result "1-0"]
[ECO "A09"]
[WhiteElo "2586"]
[BlackElo "2301"]
[Annotator "TA"]
[PlyCount "75"]
[EventDate "2022.05.05"]
[EventType "swiss"]
[EventCountry "ESP"]
[SourceTitle "playchess.com"]
[Source "ChessBase"]
[SourceQuality "1"]
[TimeControl "40/5400+30:1800+30"]

1. Nf3 d5 2. g3 g6 3. c4 dxc4 4. Na3 Bg7 5. Nxc4 Nc6 6. d3 {[%emt 0:02:34] A09: Réti Opening: 1 Nf3 d5 2 c4.} e5 7. Bd2 Be6 8. Rc1 {[%emt 0:09:42] [#] The position is equal.} Nf6 $146 ({Predecessor:} 8... Nge7 9. Bg2 a5 10. a3 a4 11. O-O O-O 12. Bc3 f6 13. e4 Qd7 14. Qc2 Rfd8 {1-0 (48) Praggnanandhaa,R (2619)-Nakamura,H (2750) Chess.com INT 2022}) 9. Ncxe5 Nxe5 10. Nxe5 Qd5 11. Nf3 Qxa2 12. Bc3 ({Of course not} 12. Rxc7 Bb3 13. Qc1 O-O $11) 12... O-O 13. Bg2 Bb3 14. Qd2 Rad8 15. Bd4 Qa4 (15... Bd5 $14 16. e3 Nh5) 16. e3 $16 {[%emt 0:02:02] Black is on the road to losing.} b6 17. Rxc7 Nd5 18. Rc1 Nb4 19. O-O Bc2 $2 {[%emt 0:02:26] [#]} (19... Bxd4 {is a better defense.} 20. Nxd4 a5) 20. Ra1 $18 Qb5 21. Rfc1 Bxd3 22. Bxg7 Kxg7 23. Nd4 Rxd4 24. exd4 a5 25. Rc7 Bc4 26. Rc1 Bd5 (26... Be6 $142 27. Re1 Qf5) 27. Bf1 Qe8 28. Qf4 Qd8 29. Qe5+ Kg8 30. Qe7 Be6 31. Bc4 Bxc4 32. Qxd8 Rxd8 33. R1xc4 {[%emt 0:00:15] KRR-KRN} Rd6 34. Rb7 Nd5 35. Kg2 Kg7 36. Rc8 h5 37. h4 Nf6 $2 {[%emt 0:00:55] [#]} (37... Re6 38. Rcb8 Rd6) 38. Rcc7 {[%emt 0:00:00] Weighted Error Value: White=0.12 (very precise) /Black=0.36} 1-0

[Event "1st Chessable Sunway Formentera 2022"]
[Site "Formentera Punta Prima"]
[Date "2022.04.30"]
[Round "2"]
[White "Yankelevich, Lev"]
[Black "Mouhamad, Joachim"]
[Result "1-0"]
[ECO "D30"]
[WhiteElo "2473"]
[BlackElo "2290"]
[Annotator "TA"]
[PlyCount "95"]
[EventDate "2022.05.05"]
[EventType "swiss"]
[EventCountry "ESP"]
[SourceTitle "playchess.com"]
[Source "ChessBase"]
[SourceQuality "1"]
[TimeControl "40/5400+30:1800+30"]

1. Nf3 d5 2. d4 e6 3. c4 a6 4. Bg5 Be7 5. Bxe7 Nxe7 6. Nbd2 {[%emt 0:00:04] D30: Queen's Gambit Declined: Systems without Nc3.} Nd7 7. g3 b6 8. cxd5 {[%emt 0:06:11] White has an edge.} exd5 9. Bg2 O-O 10. O-O {[%emt 0:00:06] [#]} Bb7 $146 ({Predecessor:} 10... Nf6 11. Rc1 Bf5 12. b4 Qd6 13. Qb3 Rfc8 14. e3 a5 15. b5 a4 16. Qb2 Bd3 {1-0 (37) Giri,A (2764)-Grandelius,N (2663) Chess.com INT 2020}) 11. b4 c5 12. bxc5 bxc5 13. dxc5 Nxc5 14. Nb3 Ne4 15. Rc1 Qb6 16. Qd4 Qxd4 17. Nfxd4 {[%emt 0:00:08] Strongly threatening Rc7. White now steadily converts the win.} Rac8 {[%emt 0:05:30] Inhibits Rc7.} 18. Na5 Ba8 19. Bh3 f5 {[%emt 0:02:59] [#]} (19... Rb8 $16) 20. Nxf5 $1 Nxf5 21. Bxf5 Rce8 {[%emt 0:08:05] Prevents Be6+.} 22. Bd7 Re7 23. Bc6 Bxc6 24. Nxc6 ({Weaker is} 24. Rxc6 Nd2 25. Nb3 Nxf1 26. Kxf1 Rf6 $15) 24... Rc7 {[%emt 0:09:25] [#]} 25. f3 $1 Nf6 26. Rc2 Re8 27. Rb1 h5 28. Rbb2 Kh7 29. Nb4 Rxc2 30. Rxc2 $18 {[%emt 0:02:32][%mdl 4096] Endgame KRN-KRN} a5 31. Nc6 a4 32. Kf2 Re6 33. Rc5 Rd6 34. Nd4 Rb6 35. Rb5 {[%emt 0:00:06] Against Rb2} Ra6 36. h4 Ra7 37. Ne6 a3 38. Nd4 Ra4 39. Ke3 Kg6 40. Rb7 Ra6 41. Rc7 Ra8 42. Rb7 Ra6 $1 43. Kd3 Ra4 (43... Ng8 $142 44. e3 Nf6) 44. Ne6 {[%emt 0:02:17] White is clearly winning.} Ra6 45. Rxg7+ Kh6 46. Re7 Ng8 47. Re8 Nf6 48. Rh8+ {[%emt 0:00:12] Weighted Error Value: White=0.14 (very precise) /Black=0.16 (very precise)} 1-0